 Dungeon Crawl Stone Soup version 0.30-a0-672-gc3a7216ad8 (webtiles) character file.

Game seed: 5404158778597613393

12741 nono the Protected (level 11, 0/103 HPs)
             Began as an Armataur Fighter on Jan 14, 2023.
             Was a Believer of the Shining One.
             Slain by a death yak (6 damage)
             ... led by a torpor snail
             ... on level 1 of the Lair of Beasts on Jan 18, 2023.
             The game lasted 00:21:55 (14095 turns).

nono the Protected (Armataur Fighter)              Turns: 14095, Time: 00:21:56

Health: 0/103      AC: 20    Str: 26    XL:     11   Next: 66%
Magic:  9/11       EV:  8    Int:  9    God:    the Shining One [**....]
Gold:   571        SH: 12    Dex:  9    Spells: 10/10 levels left

rFire   . . .      SeeInvis .    j - +2 mace (protect)
rCold   . . .      Faith    .    c - +0 buckler
rNeg    + . .      Spirit   .    b - +0 scale mail
rPois   +          Reflect  .    z - +0 helmet
rElec   .          Harm     .    L - +0 cloak
rCorr   +          Roll     +    w - +0 pair of gloves
Will    .....                    (no barding) Stlth
                                 (no amulet)
HPRegen 0.37/turn                q - ring of resist corrosion
MPRegen 0.12/turn                F - ring of poison resistance

@: divinely shielded, under a protective aura, glowing
A: large, rugged brown scales 3, deformed body, armoured tail, roll, long
tongue, awkward tongue
a: Renounce Religion, Divine Shield


You were on level 1 of the Lair of Beasts.
You worshipped the Shining One.
The Shining One was pleased with you.
You visited 3 branches of the dungeon, and saw 13 of its levels.

You collected 571 gold pieces.

Inventory:

Hand Weapons
 a - a +0 flail
 j - a +2 mace of protection (weapon)
Missiles
 y - 2 throwing nets (quivered)
Armour
 b - a +0 scale mail (worn)
 c - a +0 buckler (worn)
 w - a +0 pair of gloves (worn)
 z - a +0 helmet (worn)
 L - a +0 cloak (worn)
Jewellery
 i - a +6 ring of dexterity
 q - a ring of resist corrosion (left hand)
 t - a ring of resist corrosion
 B - a ring of wizardry
 F - a ring of poison resistance (right hand)
 J - an amulet of magic regeneration
Wands
 A - a wand of iceblast (14)
 C - a wand of mindburst (4)
 G - a wand of paralysis (34)
 H - a wand of flame (48)
 K - a wand of light (1)
Scrolls
 d - 3 scrolls of identify
 g - 2 scrolls of fear
 h - 2 scrolls of immolation
 l - 6 scrolls of teleportation
 m - a scroll of brand weapon
 n - 3 scrolls of butterflies
 o - 2 scrolls of enchant armour
 p - 3 scrolls of magic mapping
 r - 2 scrolls of blinking
 s - a scroll of noise
 v - a scroll of silence
 D - a scroll of enchant weapon
 I - 3 scrolls of fog
 N - a scroll of torment
Potions
 e - a potion of degeneration
 f - a potion of lignification
 x - 2 potions of attraction
 M - 3 potions of brilliance


   Skills:
 + Level 9.1 Fighting
 + Level 8.9 Maces & Flails
 + Level 11.9 Armour
 + Level 10.9 Shields
 + Level 1.0 Invocations


You had 10 spell levels left.
You didn't know any spells.
Your spell library contained the following spells:

 Spells                   Type           Power      Damage    Failure   Level
 Summon Small Mammal      Summ           0%         N/A       65%         1
 Cigotuvi's Dreadful Rot  Necr/Pois/Air  0%         N/A       80%         2
 Poisonous Vapours        Pois/Air       0%         N/A       80%         2
 Call Canine Familiar     Summ           0%         N/A       95%         3
 Gell's Gravitas          Tloc           0%         N/A       95%         3
 Kindle Blastsparks       Fire/Tloc/Air  0%         2d10      95%         3
 Mephitic Cloud           Conj/Pois/Air  0%         N/A       95%         3
 Summon Guardian Golem    Hex/Summ       0%         N/A       95%         3
 Teleport Other           Tloc           0%         N/A       95%         3
 Fulminant Prism          Conj/Hex       0%         3d5       100%        4
 Iskenderun's Mystic Bla  Conj/Tloc      0%         2d3       100%        4
 Lee's Rapid Deconstruct  Erth           0%         3d4*      100%        5
 Dispersal                Tloc           0%         N/A       100%        6


Dungeon Overview and Level Annotations

Branches:
Dungeon (10/15)            Temple (1/1) D:5            Lair (2/5) D:10
  Swamp: Lair:2-3    Shoals: Lair:2-3     Snake: Lair:2-3    Spider: Lair:2-3
    Orc: D:9-12

Altars:
Ashenzari
Cheibriados
Dithmenos
Elyvilon
Fedhas
Gozag
Hepliaklqana
Kikubaaqudgha
Makhleb
Nemelex Xobeh
Okawaru
Qazlal
Ru
Sif Muna
Trog
Uskayaw
Vehumet
Wu Jian
Xom
Yredelemnul
Zin
The Shining One

Annotations:
D:10 3 runed translucent doors, Stoves66's ghost, journeyman GrEE


Innate Abilities, Weirdness & Mutations

You are completely covered in rugged brown scales. (AC +3, +7% HP)
Armour fits poorly on your strangely shaped body.
You have a long armoured tail.
You roll when moving toward enemies. (Rampage)
Your long tongue fully drains potion bottles. (2x potion effects)
Your tongue gives you trouble enunciating. (1.5x scroll delay)


Message History

The death yak gores you!
You hit the death yak.
The death yak is moderately wounded.
You block the death yak's attack.
You sock the death yak! You tail-slap the death yak.
The death yak is heavily wounded.
The death yak gores you.
You hit the death yak.
You tail-slap the death yak, but do no damage.
The death yak is severely wounded.
The death yak gores you.
You hit the death yak. You tail-slap the death yak!
The death yak is severely wounded.
The death yak gores you!
You hit the death yak but do no damage.
The death yak is severely wounded.
The death yak gores you!
You hit the death yak but do no damage.
The death yak is severely wounded.
The death yak gores you!
You hit the death yak.
You tail-slap the death yak, but do no damage.
The death yak is severely wounded.
The death yak barely misses you.
You completely miss the death yak. You tail-slap the death yak.
The death yak is almost dead.
The death yak gores you!!
* * * LOW HITPOINT WARNING * * *
You slurp down every last drop of the potion of curing!
You feel better. The death yak gores you!
* * * LOW HITPOINT WARNING * * *
You hit the death yak but do no damage.
The death yak is almost dead.
The death yak gores you!
* * * LOW HITPOINT WARNING * * *
You sock the death yak!
You tail-slap the death yak, but do no damage.
The death yak is almost dead.
The death yak gores you.
You die...

..............##...#
.........YY.......# .
........Fw......#
.............#....
...>..............
#.##.#.P..#.....##
#Y.#####........#~ #Y##
##.#...#~~ #@#
.#....~#. ##.# . ...##~
#..# ##.# .. #~~. ####
#.######. #..#~..#
#..###........ #...#~.#
#......####...##...##~.
#......# ..#...##~.
#......# #..#...#.~


You could see 2 death yaks.

Vanquished Creatures
  An elephant (Lair:1)
  2 black mambas (Lair:1)
  2 torpor snails (Lair:1)
  An unseen horror (D:10)
  3 cane toads (Lair:1)
  2 trolls (D:10)
  A hornet (D:9)
  A wraith (D:10)
  21 yaks
  5 wyverns
  A steam dragon (D:8)
  10 water moccasins
  2 orc warriors
  A black bear (D:4)
  3 sky beasts (D:7)
  4 ice beasts
  2 ogres
  6 wolves (Lair:1)
  A phantom (D:5)
  A centaur (D:8)
  11 bullfrogs
  2 necrophages (D:8)
  5 scorpions
  9 wights
  5 howler monkeys
  An electric eel (Lair:1)
  2 hounds
  4 jellies
  4 gnoll boudas
  4 orc priests
  5 iguanas
  3 orc wizards (D:6)
  7 adders
  17 gnolls
  A shadow imp (D:7)
  4 ufetubi
  3 dart slugs
  21 orcs
  7 ball pythons
  11 endoplasms
  7 giant cockroaches
  10 hobgoblins
  2 jackals (D:2)
  4 quokkas
  4 bats
  3 frilled lizards
  8 goblins
  6 kobolds
  4 rats
244 creatures vanquished.

Vanquished Creatures (others)
  3 fungi (D:10)
  10 plants
13 creatures vanquished.

Grand Total: 257 creatures vanquished

Notes
Turn   | Place    | Note
-------+----------+-------------------------------------------
     0 | D:1      | nono the Armataur Fighter began the quest for the Orb.
     0 | D:1      | Reached XP level 1. HP: 19/19 MP: 1/1
   174 | D:1      | Reached XP level 2. HP: 21/26 MP: 2/2
   894 | D:1      | Reached skill level 4 in Armour
  1033 | D:2      | Reached XP level 3. HP: 33/33 MP: 3/3
  1740 | D:3      | Reached XP level 4. HP: 40/40 MP: 4/4
  2044 | D:3      | Identified the +6 sling of Makhleb's Envy {flame, rC+
                  | Str+3}
  2223 | D:3      | Found a glowing silver altar of Zin.
  2223 | D:3      | Noticed an angel
  2276 | D:3      | Found a shimmering altar of Xom.
  2516 | D:4      | Reached XP level 5. HP: 20/48 MP: 5/5
  2865 | D:4      | Reached skill level 5 in Armour
  3001 | D:4      | Reached XP level 6. HP: 52/55 MP: 6/6
  3015 | D:4      | Found an ancient bone altar of Kikubaaqudgha.
  3015 | D:4      | Found a radiant altar of Vehumet.
  3197 | D:4      | Reached skill level 5 in Shields
  3361 | D:5      | Entered Level 5 of the Dungeon
  3373 | D:5      | Noticed an ice beast
  3394 | D:5      | Killed an ice beast
  3395 | D:5      | Reached XP level 7. HP: 56/63 MP: 7/7
  3553 | D:5      | Reached skill level 6 in Armour
  3855 | D:5      | Found a staircase to the Ecumenical Temple.
  3867 | Temple   | Entered the Ecumenical Temple
  3944 | Temple   | Became a worshipper of the Shining One
  4899 | D:6      | Reached XP level 8. HP: 65/71 MP: 8/8
  4953 | D:6      | Reached skill level 5 in Fighting
  5081 | D:6      | Reached skill level 7 in Armour
  5126 | D:6      | Reached skill level 5 in Maces & Flails
  5867 | D:7      | Reached * piety under the Shining One
  6316 | D:7      | Reached XP level 9. HP: 80/80 MP: 9/9
  6386 | D:7      | Reached skill level 8 in Armour
  7743 | D:8      | Reached skill level 9 in Armour
  8117 | D:8      | Reached XP level 10. HP: 53/92 MP: 10/10
  8554 | D:8      | Reached ** piety under the Shining One
  9856 | D:9      | Found a sparkling altar of Nemelex Xobeh.
  9856 | D:9      | Found an opulent altar of Gozag.
 10050 | D:9      | Reached skill level 10 in Armour
 10257 | D:10     | Entered Level 10 of the Dungeon
 10489 | D:10     | Reached *** piety under the Shining One
 10500 | D:9      | Paralysed by a hornet for 2 turns
 10810 | D:9      | HP: 4/94 [yak (8)]
 11502 | D:10     | Reached skill level 10 in Shields
 11502 | D:10     | Reached XP level 11. HP: 30/100 MP: 11/11
 11700 | D:10     | Found a staircase to the Lair.
 11804 | D:10     | Reached skill level 11 in Armour
 11855 | D:10     | Found a runed translucent gate.
 11855 | D:10     | Noticed Stoves66's ghost (journeyman GrEE)
 11856 | D:10     | Found a runed translucent gate.
 11857 | D:10     | Found a runed translucent gate.
 11857 | D:10     | Identified the +3 robe of Masochism {rCorr}
 12438 | Lair:1   | Entered Level 1 of the Lair of Beasts
 12696 | Lair:1   | Identified the +1 leather armour of Ojuq {-Tele Str+5
                  | Int+5}
 13415 | Lair:1   | Found a stormy altar of Qazlal.
 13657 | Lair:1   | Noticed a death yak
 13658 | Lair:1   | Noticed a death yak
 13673 | Lair:1   | Upgraded the game from 0.30-a0-634-g8abc85282e to
                  | 0.30-a0-672-gc3a7216ad8
 13915 | Lair:2   | Noticed a seven-headed hydra
 13986 | Lair:1   | Reached skill level 1 in Invocations
 14095 | Lair:1   | Slain by a death yak

Illustrated notes

Levels and vault maps discovered:
D:1:      minmay_arrival_stone_box, layout_basic, minmay_unequal
D:2:      layout_basic
D:3:      layout_loops_ring, grunt_temple_overflow_order_and_chaos_1
D:4:      layout_basic, minitemple, wad_floor_pattern_2
D:5:      layout_basic, temple_hall
D:6:      layout_layer_cave
D:7:      layout_basic
D:8:      layout_basic, kennysheep_opposing_triangles
D:9:      layout_long_grid, grunt_temple_overflow_opulence, kennysheep_nub
D:10:     hellmonk_crumbling_castle, layout_gridville, minmay_lair_entry_grove,
          biasface_ghost_orc_armoury, serial_park_tiny_1, roderic_roman_lattice
Temple:   nicolae_temple_bog_church
Lair:1:   hellmonk_ruined_rings, layout_small_grid, basic_altar,
          serial_bayou_shore_b
Lair:2:   layout_cave_shapes, minmay_shoals_entry_lonely_mermaid, uniq_gastronok

Skill      XL: |  1  2  3  4  5  6  7  8  9 10 11 |
---------------+----------------------------------+-----
Maces & Flails | 2 3 4 5 6 8 |  8.9
Armour         | 4 5 6 7 9 10 11 | 11.9
Fighting       | 3 4 6 7 8 9 |  9.1
Shields        | 4 5 6 7 8 10 | 10.9
Invocations    | 1 |  1.0

Action                   |  1- 3 |  4- 6 |  7- 9 | 10-12 || total
-------------------------+-------+-------+-------+-------++-------
Melee: Flail             |    71 |       |       |       ||    71
       Tailslap          |    11 |    18 |    57 |   116 ||   202
       Mace              |    70 |   161 |   341 |   467 ||  1039
Invok: Divine Shield     |       |       |       |     6 ||     6
  Use: Potion            |       |       |     4 |     6 ||    10
       Scroll            |       |       |       |    19 ||    19
Armor: Scale mail        |    67 |   102 |   226 |   318 ||   713
Dodge: Dodged            |    42 |    66 |    91 |   179 ||   378
Block: Buckler           |    24 |    42 |    63 |   163 ||   292

Table legend: (Time is in decaauts)
 A = Elapsed time spent in this place.
 B = Non-inter-level travel time spent in this place.
 C = Inter-level travel time spent in this place.
 D = Time resting spent in this place.
 E = Time spent auto-exploring this place.
 F = Levels seen in this place.
 G = Mean time per level.
                   A        B        C        D        E       F      G
               +--------+--------+--------+--------+--------+-----+--------+
         Total |  14246 |  13882 |    364 |   1710 |   9572 |  13 | 1095.8 |
       Dungeon |  12427 |  12081 |    346 |   1177 |   8982 |  10 | 1242.7 |
        Temple |    142 |    135 |      7 |      0 |      0 |   1 |  142.0 |
          Lair |   1675 |   1664 |     11 |    533 |    590 |   2 |  837.5 |
               +--------+--------+--------+--------+--------+-----+--------+

Top non-repeatable levels by time:
     D:8: 2059 daAuts
     D:9: 1810 daAuts
  Lair:1: 1662 daAuts
     D:7: 1555 daAuts
    D:10: 1282 daAuts
     D:6: 1252 daAuts
     D:5: 1024 daAuts
     D:1: 1014 daAuts
     D:4: 993 daAuts
     D:3: 727 daAuts
     D:2: 709 daAuts
  Temple: 142 daAuts
  Lair:2: 13 daAuts
